 Dungeon Crawl Stone Soup version 0.28-a0-461-g2dc4ca5097 (webtiles) character file.

Game seed: 9393418614218009261

50221 Spaninq the Cleaver (level 14, -2/111 HPs)
             Began as a Human Cinder Acolyte on Sept 13, 2021.
             Was an Elder of Ignis.
             Constricted to death by Jorgrun (4 damage)
             ... on level 12 of the Dungeon.
             The game lasted 02:05:26 (39047 turns).

Spaninq the Cleaver (Human Cinder Acolyte)         Turns: 39047, Time: 02:05:26

Health: -2/111     AC: 28    Str: 17    XL:     14   Next: 96%
Magic:  4/23       EV:  1    Int: 23    God:    Ignis [****..]
Gold:   1857       SH:  0    Dex: 11    Spells: 21/25 levels left

rFire   + + +      SeeInvis .   r - +1 hand axe (elec)
rCold   + . .      Faith    .   (no shield)
rNeg    . . .      Spirit   .   g - +3 chain mail {rPois}
rPois   +          Reflect  .   f - +2 helmet "Hialisif" {rC+ Dex+3}
rElec   .          Harm     .   n - +0 cloak {rCorr}
rCorr   +          Rampage  .   D - +0 pair of gloves of Awe {Contam rPois rF+++ Dex-5}
Will    +....                   q - +1 pair of boots
Stlth   ..........              m - amulet of the acrobat
HPRegen 0.28/turn               k - +4 ring of protection
MPRegen 0.18/turn               I - +6 ring of intelligence

@: petrifying, grasped by roots, constricted, very slow
A: thin skeletal structure 2, shaggy fur 1
a: Renounce Religion, Sea of Fire, Foxfire Swarm, Rising Flame


You were on level 12 of the Dungeon.
You worshipped Ignis.
Ignis was greatly pleased with you.
You visited 3 branches of the dungeon, and saw 18 of its levels.
You also visited: Volcano.

You collected 3149 gold pieces.
You spent 1292 gold pieces at shops.

Inventory:

Hand Weapons
 a - a -1 hand axe of flaming
 e - a +4 vorpal broad axe
 r - a +1 hand axe of electrocution (weapon)
 s - a +1 dagger of venom
Missiles
 i - 421 stones (quivered)
Armour
 f - the +2 helmet "Hialisif" (worn) {rC+ Dex+3}
   (You bought it in a shop on level 8 of the Dungeon)

   Dex:       It affects your dexterity (+3).
   rC:        It protects you from cold.
 g - a +3 chain mail of poison resistance (worn)
 j - a +0 kite shield
 n - a +0 cloak of preservation (worn)
 q - a +1 pair of boots (worn)
 A - a +3 plate armour of fire resistance
 D - the +0 pair of gloves of Awe (worn) {Contam rPois rF+++ Dex-5}
   (You bought it in a shop on level 9 of the Dungeon)

   Dex:       It affects your dexterity (-5).
   rF:        It renders you almost immune to fire.
   rPois:     It protects you from poison.
   Contam:    It causes magical contamination when unequipped.
 U - a +3 plate armour of cold resistance
Jewellery
 c - a ring of flight
 h - a ring of protection from fire
 k - a +4 ring of protection (left hand)
 m - an amulet of the acrobat (around neck)
 I - a +6 ring of intelligence (right hand)
 K - a ring of ice
 P - a ring of ice
Wands
 E - a wand of flame (12)
 G - a wand of charming (17)
 J - a wand of paralysis (11)
 M - a wand of polymorph (9)
 O - a wand of mindburst (30)
 S - a wand of iceblast (11)
 V - a wand of acid (23)
Scrolls
 d - 3 scrolls of identify
 l - 5 scrolls of teleportation
 o - 3 scrolls of enchant armour
 u - a scroll of summoning
 v - 4 scrolls of magic mapping
 y - 3 scrolls of amnesia
 B - 2 scrolls of fog
 Q - a scroll of enchant weapon
Potions
 b - a potion of cancellation
 p - 2 potions of resistance
 t - a potion of berserk rage
 x - 2 potions of might
 z - a potion of invisibility
 C - 3 potions of attraction
 F - a potion of flight
 H - 4 potions of haste
 L - 2 potions of brilliance
 N - 2 potions of ambrosia
 R - 2 potions of mutation
Miscellaneous
 T - a phantom mirror


   Skills:
 + Level 10.8 Fighting
 * Level 14.0 Axes
 + Level 9.5 Armour
 + Level 5.9 Shields
 - Level 6.0 Spellcasting
 - Level 9.4 Fire Magic
 + Level 9.4 Earth Magic


You had 21 spell levels left.
You knew the following spells:

 Your Spells              Type           Power      Damage    Failure   Level
a - Sandblast             Erth           100%       2d20      1%          1
b - Scorch                Fire           100%       2d10      2%          2
c - Apportation           Tloc           12%        N/A       63%         1

Your spell library contained the following spells:

 Spells                   Type           Power      Damage    Failure   Level
 Passwall                 Tmut/Erth      23%        N/A       19%         2
 Stone Arrow              Conj/Erth      56%        3d10      36%         3
 Animate Skeleton         Necr           12%        N/A       63%         1
 Beastly Appendage        Tmut           12%        N/A       63%         1
 Pain                     Necr           24%        1d5       63%         1
 Shock                    Conj/Air       24%        1d4       63%         1
 Sting                    Tmut/Pois      24%        1d4       63%         1
 Summon Small Mammal      Summ           24%        N/A       63%         1
 Poisonous Vapours        Pois/Air       12%        N/A       77%         2
 Slow                     Hex            6%         N/A       77%         2
 Sublimation of Blood     Necr           3%         N/A       77%         2
 Wereblood                Tmut           6%         N/A       77%         2
 Petrify                  Tmut/Erth      28%        N/A       77%         4
 Call Canine Familiar     Summ           6%         N/A       94%         3
 Confusing Touch          Hex            6%         N/A       94%         3
 Dazzling Flash           Conj/Hex       12%        N/A       94%         3
 Ozocubu's Armour         Ice            6%         N/A       94%         3
 Spider Form              Tmut/Pois      3%         N/A       94%         3
 Summon Guardian Golem    Hex/Summ       6%         N/A       94%         3
 Swiftness                Air            6%         N/A       94%         3
 Tukima's Dance           Hex            6%         N/A       94%         3
 Airstrike                Air            3%         N/A       100%        4
 Olgreb's Toxic Radiance  Pois           6%         N/A       100%        4
 Passage of Golubria      Tloc           N/A        N/A       100%        4
 Agony                    Necr           6%         N/A       100%        5
 Excruciating Wounds      Necr           3%         N/A       100%        5
 Irradiate                Conj/Tmut      3%         3d14      100%        5
 Metabolic Englaciation   Hex/Ice        3%         N/A       100%        5
 Silence                  Hex/Air        3%         N/A       100%        5
 Yara's Violent Unravell  Hex/Tmut       3%         3d4       100%        5
 Simulacrum               Ice/Necr       3%         N/A       100%        6
 Lehudib's Crystal Spear  Conj/Erth      14%        10d5      100%        8


Dungeon Overview and Level Annotations

Branches:
Dungeon (12/15)            Temple (1/1) D:5            Lair (5/6) D:8
  Swamp (0/4) Lair:4       Spider (0/4) Lair:4        Slime (0/5) Lair:5
    Orc (0/2) D:10        Volcano (visited)

Altars:
Ashenzari
Cheibriados
Dithmenos
Elyvilon
Fedhas
Gozag
Hepliaklqana
Kikubaaqudgha
Makhleb
Nemelex Xobeh
Okawaru
Qazlal
Ru
Sif Muna
Trog
Uskayaw
Vehumet
Wu Jian
Xom
Yredelemnul
Zin
The Shining One
Jiyva

Shops:
D:7 *   D:8 [(   D:9 [   D:11 =

Annotations:
D:4 1 runed translucent door, Maimakterion's ghost, amateur DrFE
D:5 2 transporters
D:12 Jorgrun
Lair:1 2 runed translucent doors, Shayle's ghost, journeyman DjWr
Lair:4 3 runed translucent doors, Puekk's ghost, journeyman DsMo
Lair:5 1 runed translucent door


Innate Abilities, Weirdness & Mutations

You have a moderately thin skeletal structure. (Dex +4, Stealth++)
You are covered in fur. (AC +1)


Message History

Roots burst forth from the earth!
The grasping roots grab you! The grasping roots constrict you!
Jorgrun hits you with a staff of earth! The grasping roots constrict you!
Your limbs are stiffening.
Casting: Scorch (safe; 2% risk of failure)
Confirm with . or Enter, or press ? or * to list all spells.
Flames lash Jorgrun.
Jorgrun is severely wounded.
Jorgrun's fire resistance burns away.
Jorgrun hits you with a staff of earth. The grasping roots constrict you!
Your magical contamination has completely faded away.
You have turned to stone.
Jorgrun hits you with a staff of earth. Jorgrun shatters you.
The grasping roots constrict you.
Jorgrun points at you and mumbles some strange words.
The iron shot hits you!! The grasping roots constrict you!
Jorgrun hits you but does no damage. The grasping roots constrict you.
Jorgrun is no longer more vulnerable to fire.
Jorgrun gestures at you while chanting. The iron shot hits you!!!
* * * LOW HITPOINT WARNING * * *
The grasping roots constrict you.
* * * LOW HITPOINT WARNING * * *
Jorgrun hits you but does no damage. The grasping roots constrict you.
Jorgrun hits you with a staff of earth!
* * * LOW HITPOINT WARNING * * *
The grasping roots constrict you. Jorgrun hits you but does no damage.
The grasping roots constrict you.
* * * LOW HITPOINT WARNING * * *
You turn to flesh and can move again.
Okay, then.
Okay, then.
Okay, then.
Okay, then.
You hit Jorgrun. Lightning courses through Jorgrun!
Jorgrun is severely wounded.
Jorgrun gestures at you while chanting.
You are slowing down.
The grasping roots constrict you.
You die...

## #.## .#.## #########..#.##
............#.#
#..............#.#
#...............#
#.........@g..######### #
#......................
..#####.........#######+#....
................# .
................#
................#
#######.........#######
#.##'####........
#.#.....+........


You could see Jorgrun.

Vanquished Creatures
  Gastronok (Lair:1)
  Harold (D:10)
  6 hydras
  2 boulder beetles (D:8)
  Fannar (Lair:1)
  A catoblepas (Lair:5)
  2 two-headed ogres
  A death knight (D:11)
  Erica (D:10)
  9 death yaks (Lair:4)
  A salamander mystic (Volcano)
  A deep elf pyromancer (D:8)
  An orb spider (Lair:4)
  A manticore (D:7)
  An oklob plant (Lair:2)
  3 salamanders (Volcano)
  A torpor snail (Lair:4)
  2 black mambas
  4 cane toads
  2 molten gargoyles (Volcano)
  Maurice (D:12)
  2 unseen horrors
  An efreet (D:9)
  2 rime drakes
  5 komodo dragons
  A queen bee (Lair:3)
  3 meliai
  2 trolls
  2 polar bears
  A hornet (D:9)
  8 blink frogs (Lair:5)
  7 slime creatures
  4 dream sheep (Lair:5)
  A spriggan (Lair:5)
  A vampire (D:12)
  A wraith (D:11)
  40 yaks
  A shadow (D:10)
  3 fire bats
  2 basilisks (Lair:3)
  4 wyverns
  4 vampire mosquitoes
  A steam dragon (D:8)
  2 acid dragons
  4 swamp worms (Lair:4)
  15 water moccasins
  2 black bears
  3 sky beasts
  7 orc warriors
  A necrophage (D:5)
  3 ogres
  5 centaurs
  7 wolves
  3 phantoms
  3 kobold brigands
  14 bullfrogs
  2 gnoll sergeants
  5 scorpions
  A water moccasin skeleton (D:6)
  35 killer bees
  2 troll zombies (D:10)
  7 wights
  3 electric eels
  4 howler monkeys
  3 centaur zombies
  4 lava snakes (Volcano)
  4 jellies
  A hound (D:7)
  5 orc priests
  A bullfrog skeleton (D:5)
  4 centaur skeletons
  A gnoll shaman (D:7)
  20 orc wizards
  2 iguanas
  A scorpion zombie (D:5)
  2 killer bee zombies
  4 ogre zombies (D:10)
  A hound skeleton (D:4)
  A howler monkey zombie (D:8)
  17 gnolls
  11 adders
  2 white imps
  An ufetubus (D:6)
  2 dart slugs
  41 orcs
  A ball python (D:3)
  7 endoplasms
  3 giant cockroaches
  7 goblins
  4 hobgoblins
  10 jackals
  25 kobolds
  3 quokkas
  4 bats
  A frilled lizard (D:1)
  A hobgoblin skeleton (D:10)
  6 hobgoblin zombies (D:10)
  An orc skeleton (D:10)
  10 orc zombies (D:10)
  A quokka skeleton (D:4)
  6 rats
485 creatures vanquished.

Vanquished Creatures (others)
  A cane toad (Lair:5)
  An orc zombie (D:10)
  54 foxfires (D:8)
  80 fungi
  72 plants
208 creatures vanquished.

Grand Total: 693 creatures vanquished

Notes
Turn   | Place    | Note
-------+----------+-------------------------------------------
     0 | D:1      | Spaninq the Human Cinder Acolyte began the quest for the
                  | Orb.
     0 | D:1      | Reached XP level 1. HP: 18/18 MP: 2/2
   294 | D:1      | Reached XP level 2. HP: 17/24 MP: 3/3
   297 | D:1      | Learned a level 2 spell: Scorch
   459 | D:1      | Reached XP level 3. HP: 29/29 MP: 0/4
   589 | D:1      | Found a faded altar of an unknown god.
   975 | D:1      | Reached skill level 4 in Axes
  1406 | D:2      | Reached XP level 4. HP: 35/35 MP: 2/5
  1573 | D:2      | Noticed an ogre
  3288 | D:3      | Reached XP level 5. HP: 23/42 MP: 3/7
  4525 | D:4      | Noticed Maimakterion's ghost (amateur DrFE)
  4525 | D:4      | Found a runed translucent door.
  4804 | D:4      | Reached XP level 6. HP: 36/48 MP: 2/9
  5845 | D:5      | Entered Level 5 of the Dungeon
  5980 | D:5      | Noticed a sky beast
  5981 | D:5      | Reached XP level 7. HP: 54/54 MP: 6/11
  6357 | D:5      | Reached skill level 5 in Fire Magic
  6557 | D:5      | Found a transporter.
  6574 | D:5      | Found a transporter.
  6702 | D:5      | Reached skill level 5 in Axes
  6781 | D:5      | Reached XP level 8. HP: 58/61 MP: 7/13
  7785 | D:5      | Reached skill level 5 in Fighting
  8112 | D:5      | Reached skill level 1 in Armour
  8216 | D:5      | Learned a level 1 spell: Sandblast
  8945 | D:5      | Found a staircase to the Ecumenical Temple.
  8954 | Temple   | Entered the Ecumenical Temple
  9399 | D:6      | Learned a level 1 spell: Apportation
  9634 | D:6      | Reached skill level 6 in Axes
  9634 | D:6      | Reached XP level 9. HP: 58/68 MP: 4/16
  9886 | D:6      | Reached skill level 1 in Earth Magic
 10887 | D:6      | Reached skill level 5 in Spellcasting
 12196 | D:7      | Reached skill level 7 in Axes
 12262 | D:7      | Found Oxyteobbyi's General Store.
 12741 | D:8      | Reached XP level 10. HP: 76/76 MP: 2/18
 12761 | D:8      | Found Kishisuwk's Antique Weapon Shoppe.
 13017 | D:8      | Noticed a deep elf pyromancer
 13074 | D:8      | Found Daeweg's Armour Shoppe.
 13348 | D:7      | Gained mutation: You are weak. (Str -2) [potion of
                  | mutation]
 13348 | D:7      | Lost mutation: You are weak. (Str -2) [potion of mutation]
 13348 | D:7      | Gained mutation: You sometimes lose the ability to read
                  | scrolls when taking damage. [potion of mutation]
 13670 | D:7      | Lost mutation: You sometimes lose the ability to read
                  | scrolls when taking damage. [potion of mutation]
 13670 | D:7      | Gained mutation: You are covered in fur. (AC +1) [potion of
                  | mutation]
 13670 | D:7      | Gained mutation: You have a somewhat thin skeletal
                  | structure. (Dex +2, Stealth+) [potion of mutation]
 13670 | D:7      | Gained mutation: You have a moderately thin skeletal
                  | structure. (Dex +4, Stealth++) [potion of mutation]
 13765 | D:8      | Identified a scroll of acquirement
 13765 | D:8      | Acquired 873 gold pieces
 13769 | D:8      | Bought the +2 helmet "Hialisif" {rC+ Dex+3} for 556 gold
                  | pieces
 13774 | D:8      | Bought a +3 chain mail of poison resistance for 376 gold
                  | pieces
 14014 | D:7      | Reached skill level 8 in Axes
 14899 | D:8      | Noticed a boulder beetle
 15287 | D:8      | Bought a glowing hand axe for 132 gold pieces
 15408 | D:8      | Noticed a boulder beetle
 15515 | D:8      | Noticed a manticore
 16039 | D:7      | Killed a manticore
 16664 | D:8      | Killed a deep elf pyromancer
 16665 | D:8      | Reached XP level 11. HP: 68/84 MP: 11/20
 16756 | D:8      | Acquired 827 gold pieces
 16769 | D:8      | Reached skill level 9 in Axes
 16844 | D:8      | Found a staircase to the Lair.
 16860 | D:8      | Found a broken altar of Ashenzari.
 16900 | D:8      | Killed a boulder beetle
 16901 | D:8      | Reached skill level 5 in Armour
 17388 | D:8      | Reached skill level 5 in Earth Magic
 18343 | D:8      | Found a broken altar of Ashenzari.
 18514 | D:8      | Found Daeweg's Armour Shoppe.
 18690 | D:8      | Found Kishisuwk's Antique Weapon Shoppe.
 19066 | D:8      | Killed a boulder beetle
 19758 | D:9      | Found Wutatigg's Antique Armour Shop.
 19766 | D:9      | Bought a pair of brightly glowing gloves for 228 gold
                  | pieces
 19766 | D:9      | Identified the +0 pair of gloves of Awe {Contam rPois rF+++
                  | Dex-5} (You bought it in a shop on level 9 of the Dungeon)
 20119 | D:9      | Reached skill level 10 in Axes
 20775 | Lair:1   | Entered Level 1 of the Lair of Beasts
 20799 | Lair:1   | Found a large runed translucent door.
 20807 | Lair:1   | Noticed a seven-headed hydra
 20812 | Lair:1   | Found a large runed translucent door.
 21200 | Lair:1   | Reached XP level 12. HP: 55/92 MP: 21/21
 21302 | Lair:1   | Found a dark tunnel.
 21312 | Volcano  | Entered a volcano
 21978 | Volcano  | Found a burning altar of Makhleb.
 21978 | Volcano  | Noticed a salamander mystic
 21986 | Volcano  | Noticed a hell knight
 22660 | Volcano  | Killed a salamander mystic
 23242 | Lair:1   | Reached skill level 11 in Axes
 23290 | Lair:1   | Noticed Fannar
 23309 | Lair:1   | Killed Fannar
 23469 | Lair:1   | Noticed Shayle's ghost (journeyman DjWr)
 23479 | Lair:1   | Noticed Gastronok
 23500 | Lair:1   | Killed Gastronok
 23542 | Lair:1   | Noticed an eight-headed hydra
 23786 | D:8      | Killed a one-headed hydra
 23791 | D:8      | Found a staircase to the Lair.
 24400 | Lair:1   | Reached XP level 13. HP: 99/101 MP: 22/22
 24857 | Lair:1   | Killed a three-headed hydra
 24858 | Lair:1   | Reached skill level 1 in Shields
 25387 | Lair:2   | Noticed a four-headed hydra
 25399 | Lair:2   | Killed a one-headed hydra
 26679 | Lair:2   | Reached skill level 12 in Axes
 26900 | Lair:3   | Identified the +1 chain mail of Conscience {+Blink rF+
                  | MP+9}
 26933 | Lair:3   | Noticed a six-headed hydra
 26978 | Lair:2   | Killed a five-headed hydra
 29315 | Lair:4   | Found a runed translucent gate.
 29316 | Lair:4   | Found a runed translucent gate.
 29317 | Lair:4   | Found a runed translucent gate.
 29318 | Lair:4   | Noticed a quicksilver ooze
 29320 | Lair:4   | Noticed Puekk's ghost (journeyman DsMo)
 29322 | Lair:4   | Found a viscous altar of Jiyva.
 29445 | Lair:4   | Noticed an eight-headed hydra
 29911 | Lair:3   | Killed a one-headed hydra
 30360 | Lair:4   | Noticed a five-headed hydra
 30373 | Lair:4   | Killed a one-headed hydra
 30499 | Lair:4   | Found a hole to the Spider Nest.
 30541 | Lair:4   | Found a staircase to the Swamp.
 31777 | Lair:4   | Reached skill level 10 in Fighting
 31777 | Lair:4   | Reached XP level 14. HP: 56/110 MP: 23/23
 32015 | Lair:4   | Reached skill level 13 in Axes
 33019 | Lair:5   | Found a runed translucent door.
 33019 | Lair:5   | Found a viscous altar of Jiyva.
 33031 | Lair:5   | Found a staircase to the Slime Pits.
 33600 | Lair:4   | Reached skill level 5 in Shields
 34644 | D:10     | Entered Level 10 of the Dungeon
 34712 | D:10     | Noticed Erica
 35340 | D:10     | Killed Erica
 35866 | D:10     | Found a staircase to the Orcish Mines.
 37185 | D:11     | Identified the +2 ring mail of Unreason {rN+ Stlth+}
 37262 | D:11     | Acquired a +4 vorpal broad axe
 37268 | D:11     | Noticed Harold
 37287 | D:10     | Killed Harold
 37522 | D:11     | Found Sapsaqem's Jewellery Shop.
 38584 | D:12     | Reached skill level 14 in Axes
 38712 | D:12     | Noticed Maurice
 38721 | D:12     | Killed Maurice
 39015 | D:12     | Noticed Jorgrun
 39045 | D:12     | HP: 4/111 [Jorgrun (5)]
 39047 | D:12     | Constricted to death by Jorgrun

Illustrated notes

Levels and vault maps discovered:
D:1:      dpeg_arrival_arbitrary_b, layout_basic, ebering_ecumenical_altar_rust
D:2:      layout_basic
D:3:      layout_basic
D:4:      layout_cave_pools, serial_co_window_serial, co_window_corner_a,
          co_window_of_opportunity_a, co_window_paths_b, co_window_paths_a,
          co_window_corner_a, co_window_of_opportunity_a,
          co_window_unsneaky_path_e, co_window_unsneaky_path_c,
          co_window_broadway_c, co_window_broadway_c, co_window_broadway_a,
          glass_columns_a, glass_columns_a, glass_columns_b,
          ebering_ghost_inner_flame
D:5:      gammafunk_wand_slinger, layout_basic, temple_hall,
          minmay_increasing_density
D:6:      layout_basic, grunt_decor_resistance, minmay_misc_feat_x, st_stairs_5
D:7:      layout_basic, serial_shops, shop
D:8:      minmay_the_grid_four_pointed_star
          [minmay_the_grid_triangle_9x9_from_above,
          minmay_the_grid_triangle_9x9_alien,
          minmay_the_grid_triangle_9x9_zippers_vertical,
          minmay_the_grid_triangle_9x9_shrine, minmay_the_grid_prize_trominoes],
          layout_loops_ring, cheibrodos_ashenzari_chains,
          due_lair_maze_entry_diamond, serial_shops, shop_fountains,
          nicolae_square_shop
D:9:      layout_gridville, serial_shops, nicolae_diamond_shop
D:10:     layout_gridville, zombieorc1_lemuel, uniq_erica
D:11:     layout_small_grid, serial_shops, shop_coins,
          ebering_dispersal_statue_hall, uniq_harold
D:12:     minmay_box_of_statues, layout_irregular_city, tgw_trog, uniq_snorg,
          uniq_jorgrun, uniq_maurice
Temple:   roderic_octagonal_lattice_temple
Lair:1:   layout_gridlike, ebering_ghost_disaster_area, enter_volcano_4,
          grunt_megastairs_4, lemuel_fruit_tree, uniq_fannar, uniq_gastronok
Lair:2:   layout_cave_pods, grunt_megastairs_2, serial_bayou_shore_a,
          infiniplex_staircase_pool
Lair:3:   layout_loops_ring
Lair:4:   layout_roguey [special_room_bee], palyth_hydra_swamp_entry,
          nicolae_spider_entry_orb_guardian, gammafunk_ghost_ooze
Lair:5:   layout_cave_pods, slime_altar_2, lookout_lair_type, forest_entry_grove

Skill      XL: |  1  2  3  4  5  6  7  8  9 10 11 12 13 14 |
---------------+-------------------------------------------+-----
Axes           | 4 5 6 7 8 10 11 12 14 | 14.0
Spellcasting   | 2 3 4 5 6 |  6.0
Fighting       | 4 5 6 7 8 9 10 | 10.8
Fire Magic     | 4 5 6 7 8 9 |  9.4
Armour         | 1 3 4 6 7 8 9 |  9.5
Earth Magic    | 2 4 5 7 8 9 |  9.4
Shields        | 4 5 |  5.9

Action                   |  1- 3 |  4- 6 |  7- 9 | 10-12 | 13-15 || total
-------------------------+-------+-------+-------+-------+-------++-------
Melee: Hand axe          |    36 |    51 |   204 |   339 |   620 ||  1250
       Dagger            |       |       |       |    11 |       ||    11
 Cast: Scorch            |    18 |    71 |   130 |   248 |   283 ||   750
       Sandblast         |       |       |       |     8 |       ||     8
Invok: Foxfire Swarm     |       |       |       |     3 |       ||     3
Evoke: Wand              |       |       |       |     6 |       ||     6
  Use: Scroll            |       |       |       |    23 |     6 ||    29
       Potion            |       |       |       |     5 |       ||     5
Armor: Robe              |    14 |     2 |       |       |       ||    16
       Ring mail         |       |    23 |    27 |       |       ||    50
       Chain mail        |       |       |   206 |   490 |   608 ||  1304
Dodge: Dodged            |    17 |    32 |   100 |   221 |   247 ||   617

Table legend: (Time is in decaauts)
 A = Elapsed time spent in this place.
 B = Non-inter-level travel time spent in this place.
 C = Inter-level travel time spent in this place.
 D = Time resting spent in this place.
 E = Time spent auto-exploring this place.
 F = Levels seen in this place.
 G = Mean time per level.
                   A        B        C        D        E       F      G
               +--------+--------+--------+--------+--------+-----+--------+
         Total |  38909 |  37101 |   1808 |  15970 |  13369 |  19 | 2047.8 |
       Dungeon |  25650 |  24167 |   1483 |  10355 |   8738 |  12 | 2137.5 |
        Temple |    303 |    281 |     22 |      0 |    259 |   1 |  303.0 |
          Lair |  11108 |  10805 |    303 |   4663 |   4105 |   5 | 2221.6 |
       Volcano |   1847 |   1847 |      0 |    952 |    267 |   1 | 1847.0 |
               +--------+--------+--------+--------+--------+-----+--------+

Top non-repeatable levels by time:
     D:8: 5110 daAuts
  Lair:4: 3615 daAuts
     D:7: 3341 daAuts
     D:9: 2530 daAuts
     D:5: 2322 daAuts
  Lair:3: 2265 daAuts
     D:2: 2084 daAuts
     D:6: 1954 daAuts
  Lair:2: 1850 daAuts
 Volcano: 1847 daAuts
  Lair:1: 1820 daAuts
     D:4: 1780 daAuts
    D:10: 1640 daAuts
  Lair:5: 1557 daAuts
     D:3: 1557 daAuts
